 Dungeon Crawl Stone Soup version 0.17.1-3-g152610e (webtiles) character file.

8799 MirrMurr the Covert (level 11, -7/47 HPs)
             Began as a Spriggan Enchanter on Apr 9, 2016.
             Was a Follower of Ashenzari.
             Mangled by a white ugly thing (12 damage)
             ... on level 11 of the Dungeon.
             The game lasted 00:31:54 (12371 turns).

MirrMurr the Covert (Spriggan Enchanter)           Turns: 12371, Time: 00:31:55

Health: -7/47      AC:  6    Str:  4    XL:     11   Next: 14%
Magic:  14/27      EV: 18    Int: 20    God:    Ashenzari [*.....]
Gold:   470        SH:  0    Dex: 17    Spells: 7 memorised, 19 levels left

rFire  . . .     SeeInvis +     a - +2 dagger (flame) (curse)
rCold  + . .     Clarity  +     v - +1 robe
rNeg   . . .     SustAt   .     (shield restricted)
rPois  .         Gourm    .     L - +2 hat (curse)
rElec  .         Spirit   .     Q - +0 cloak
rCorr  .         Warding  .     (gloves unavailable)
rMut   .         Stasis   .     (boots unavailable)
MR     +....                    I - amulet of clarity
Stlth  +++++++...               O - +4 ring of slaying
                                f - ring of protection from cold (curse)

@: very quick, somewhat resistant to hostile enchantments, extremely stealthy
A: unfitting armour, see invisible, herbivore 3, speed 3, slow metabolism 2
a: Scrying, Renounce Religion


You were on level 11 of the Dungeon.
You worshipped Ashenzari.
Ashenzari was aware of your devotion.
You were not hungry.

You visited 2 branches of the dungeon, and saw 12 of its levels.

You collected 614 gold pieces.
You spent 144 gold pieces at shops.

Inventory:

Hand Weapons
 a - a cursed +2 dagger of flaming (weapon)
 b - a +1 dagger
 J - a +3 dagger of chaos
 T - a +3 rapier of electrocution
Missiles
 h - 78 poisoned needles
 k - 117 stones
 u - 4 tomahawks of returning (quivered)
 w - 16 tomahawks
 x - 2 curare-tipped needles
Armour
 v - a +1 robe (worn)
 L - a cursed +2 hat (worn)
 Q - a +0 cloak (worn)
 R - a troll hide
Jewellery
 f - a cursed ring of protection from cold (left hand)
 l - an uncursed ring of protection from cold
 I - an amulet of clarity (around neck)
 O - a +4 ring of slaying (right hand)
Wands
 G - a wand of frost (16)
 S - a wand of cold (5)
Scrolls
 g - a scroll of recharging
 i - a scroll of identify
 o - 3 scrolls of teleportation
 p - 2 scrolls of blinking
 r - 2 scrolls of remove curse
 t - 2 scrolls of enchant weapon
 F - 3 scrolls of curse jewellery
 H - 2 scrolls of fear
Potions
 e - a potion of magic
 j - 2 potions of heal wounds
 m - 2 potions of resistance
 n - 2 potions of might
 q - 4 potions of curing
 s - 2 potions of flight
 z - 2 potions of lignification {unknown}
 A - 2 potions of berserk rage {unknown}
 B - a potion of haste {unknown}
 D - 4 potions of cancellation {unknown}
 M - 2 potions of mutation {unknown}
 N - a potion of agility {unknown}
Books
 c - a book of Maledictions

   Spells                             Type                      Level
   a - Corona                         Hexes                        1
   b - Ensorcelled Hibernation        Hexes/Ice                    2
   c - Confuse                        Hexes                        3
   d - Tukima's Dance                 Hexes                        3
   e - Dazzling Spray                 Conjuration/Hexes            3
 y - a book of the Tempests

   Spells                             Type                      Level
   a - Static Discharge               Conjuration/Air              3
   b - Lightning Bolt                 Conjuration/Air              5
   c - Fireball                       Conjuration/Fire             5
   d - Tornado                        Air                          9
   e - Shatter                        Earth                        9
 C - a book of Spatial Translocations

   Spells                             Type                      Level
   a - Apportation                    Translocation                1
   b - Blink                          Translocation                2
   c - Shroud of Golubria             Charms/Translocation         2
   d - Portal Projectile              Translocation                3
   e - Teleport Other                 Translocation                3
   f - Passage of Golubria            Translocation                4
Comestibles
 d - 6 bread rations
 E - 12 fruits
 K - 10 royal jellies
 P - a slice of pizza


   Skills:
 - Level 1.1 Short Blades
 - Level 3.0 Dodging
 - Level 14.0 Stealth
 + Level 11.7 Spellcasting
 * Level 13.4 Hexes


You had 19 spell levels left.
You knew the following spells:

 Your Spells              Type           Power        Failure   Level  Hunger
a - Ensorcelled Hibernat  Hex/Ice        #####.       1%          2    None
b - Confuse               Hex            ######..     1%          3    None
c - Corona                Hex            ######.      1%          1    None
d - Dazzling Spray        Conj/Hex       #####...     1%          3    None
g - Shroud of Golubria    Chrm/Tloc      ##........   12%         2    None
A - Apportation           Tloc           ##........   10%         1    None
B - Blink                 Tloc           N/A          12%         2    None


Dungeon Overview and Level Annotations

Branches:
Dungeon (11/15)            Temple (1/1) D:4             Orc (0/4) D:10
   Lair: D:8-11

Altars:
Ashenzari
Cheibriados
Dithmenos
Elyvilon
Fedhas
Gozag
Kikubaaqudgha
Makhleb
Nemelex Xobeh
Okawaru
Qazlal
Ru
Sif Muna
Trog
Vehumet
Xom
Yredelemnul
Zin
The Shining One
Beogh

Shops:
D:8 *   D:10 [

Annotations:
D:11 Maud


Innate Abilities, Weirdness & Mutations

You are tiny and cannot use many weapons and most armour.
You have supernaturally acute eyesight.
You are a herbivore.
You cover ground extremely quickly.
You need consume almost no food.


Message History

Aiming: Ensorcelled Hibernation
Press: ? - help, Shift-Dir - straight line, f - centaur
Aim: a centaur (lightly wounded, chance to defeat MR: 66%)
The centaur looks drowsy...
You are too injured to fight recklessly!
You are too injured to fight recklessly!
Found a disc of storms.
You see here a disc of storms.
A white ugly thing comes into view.
Found a stone staircase leading down.
Found a stone staircase leading down.
There is a stone staircase leading down here.
The helpless white ugly thing fails to defend itself.
You spit the white ugly thing like a pig!!!
You burn the white ugly thing.
The white ugly thing is almost dead.
The white ugly thing stings you!
* * * LOW HITPOINT WARNING * * *
The white ugly thing freezes you! You resist.
You die...

#.# #.# #.#
#.# #.# #.#
#.# #.# #.#
#.# #.# #.###
#.# #### #.#
#...# #.# #..
..# ###.# #}#
#.# #.#
#.####.#######
#.#
#.....@u.....#
#.#
#####.######.#
#.# #.# #†#
#.# #># #>#
##.# #.# #..#
#.# #.## #y#
#.# #.#


You could see a white ugly thing and a killer bee (wandering).

Vanquished Creatures
  Pikel (D:7)
  The ghost of CcS the Carver, a novice FoAK of Lugonu (D:10)
  The ghost of cada the Changer, a novice OpTm of Cheibriados (D:5)
  Joseph (D:7)
  Psyche (D:8)
  2 trolls
  2 wyverns
  A shadow (D:11)
  A hippogriff (D:11)
  2 hungry ghosts
  2 soldier ants (D:8)
  Edmund (D:4)
  2 water moccasins
  2 sky beasts
  3 ice beasts
  A black bear (D:10)
  5 orc warriors
  2 phantoms
  A wasp (D:11)
  A necrophage (D:10)
  6 ogres
  7 centaurs
  A brain worm (D:8)
  A big kobold (D:9)
  3 wyvern skeletons
  2 scorpions
  9 giant frogs
  A water moccasin skeleton (D:6)
  9 wights
  3 killer bees (D:6)
  4 crimson imps
  A quasit (D:7)
  2 jellies
  A wasp zombie (D:8)
  A giant frog zombie (D:9)
  3 orc priests
  2 hounds (D:10)
  Jessica (D:2)
  4 centaur skeletons
  8 worker ants
  7 orc wizards
  A hound zombie (D:9)
  3 gnolls (D:6)
  9 adders
  An ooze (D:3)
  4 adder skeletons
  A worm (D:5)
  5 giant geckos
  39 orcs
  12 bats
  5 giant cockroaches
  5 goblins
  10 hobgoblins
  9 jackals
  4 quokkas
  4 ball pythons
  4 giant newts
  A jackal skeleton (D:5)
  9 kobolds
  A quokka skeleton (D:6)
  A quokka zombie (D:6)
  26 rats
263 creatures vanquished.

Vanquished Creatures (others)
  A quasit (D:7)
  21 fungi (D:11)
  9 plants (D:11)
31 creatures vanquished.

Grand Total: 294 creatures vanquished

Notes
Turn   | Place    | Note
--------------------------------------------------------------
     0 | D:1      | MirrMurr the Spriggan Enchanter began the quest for the Orb.
     0 | D:1      | Reached XP level 1. HP: 9/9 MP: 5/5
   153 | D:1      | Reached skill level 5 in Stealth
   478 | D:1      | Reached XP level 2. HP: 13/13 MP: 6/6
   482 | D:1      | Learned a level 2 spell: Ensorcelled Hibernation
   507 | D:1      | You fall through a shaft!
   694 | D:1      | Reached skill level 6 in Stealth
  1049 | D:1      | Reached XP level 3. HP: 14/16 MP: 8/8
  1054 | D:1      | Learned a level 3 spell: Confuse
  1920 | D:2      | Noticed Jessica
  1923 | D:2      | Killed Jessica
  1923 | D:2      | Reached skill level 7 in Stealth
  1923 | D:2      | Reached XP level 4. HP: 18/21 MP: 9/9
  1928 | D:2      | Learned a level 3 spell: Dazzling Spray
  2551 | D:3      | Noticed an ice beast
  2613 | D:3      | Killed an ice beast
  2613 | D:3      | Reached skill level 8 in Stealth
  2613 | D:3      | Reached XP level 5. HP: 9/24 MP: 2/12
  3159 | D:3      | Found a sparkling altar of Nemelex Xobeh.
  3306 | D:4      | Reached skill level 9 in Stealth
  3330 | D:4      | Found a staircase to the Ecumenical Temple.
  3335 | Temple   | Entered the Ecumenical Temple
  3630 | D:4      | Reached XP level 6. HP: 28/28 MP: 13/13
  3635 | D:4      | Learned a level 1 spell: Apportation
  3781 | D:4      | Found an ancient bone altar of Kikubaaqudgha.
  3959 | D:4      | Noticed Edmund
  3970 | D:4      | Killed Edmund
  3970 | D:4      | Reached skill level 10 in Stealth
  3970 | D:4      | Reached skill level 5 in Spellcasting
  4040 | D:4      | Noticed a phantom
  4042 | D:4      | Killed a phantom
  4042 | D:4      | Reached XP level 7. HP: 32/32 MP: 14/16
  4046 | D:4      | Learned a level 2 spell: Blink
  4049 | D:4      | Learned a level 2 spell: Shroud of Golubria
  4219 | D:5      | Entered Level 5 of the Dungeon
  4327 | D:5      | Reached skill level 11 in Stealth
  4492 | D:5      | Noticed cada's ghost (novice OpTm)
  4552 | D:5      | Killed cada's ghost
  4552 | D:5      | Reached skill level 12 in Stealth
  4552 | D:5      | Reached XP level 8. HP: 18/36 MP: 8/19
  5266 | D:6      | Reached skill level 13 in Stealth
  6314 | D:6      | Reached skill level 14 in Stealth
  6750 | D:6      | Reached skill level 5 in Hexes
  6867 | D:7      | Noticed Joseph
  6872 | D:7      | Killed Joseph
  6872 | D:7      | Reached XP level 9. HP: 39/39 MP: 22/22
  6873 | D:7      | Found a stormy altar of Qazlal.
  6876 | D:7      | Found a glowing silver altar of Zin.
  6879 | D:7      | Found a glowing golden altar of the Shining One.
  6880 | D:7      | Found a deep blue altar of Sif Muna.
  6884 | D:7      | Found a shattered altar of Ashenzari.
  6889 | D:7      | Became a worshipper of Ashenzari the Shackled
  7152 | D:7      | Noticed Pikel
  7159 | D:7      | Killed Pikel
  7320 | D:7      | Found a bloodstained altar of Trog.
  7675 | D:8      | Found Fyotot's Assorted Antiques.
  8131 | D:8      | Noticed Psyche
  8138 | D:8      | Killed Psyche
  8138 | D:8      | Reached skill level 10 in Spellcasting
  8138 | D:8      | Reached skill level 10 in Hexes
  8138 | D:8      | Reached XP level 10. HP: 44/44 MP: 23/25
  9647 | D:9      | Reached * piety under Ashenzari
 10272 | D:10     | Entered Level 10 of the Dungeon
 10302 | D:10     | Found a staircase to the Orcish Mines.
 10359 | D:10     | Noticed CcS's ghost (novice FoAK)
 10400 | D:10     | Killed CcS's ghost
 10824 | D:10     | Found Qomisutinn's Antique Armour Shop.
 10874 | D:10     | Bought a cloak for 144 gold pieces
 10907 | D:10     | Found a roughly hewn altar of Beogh.
 11459 | D:10     | Found a roughly hewn altar of Beogh.
 11746 | D:10     | Reached XP level 11. HP: 47/47 MP: 20/27
 11948 | D:11     | Noticed Maud
 11949 | D:11     | Noticed a hill giant
 12371 | D:11     | Mangled by a white ugly thing

Action                   |  1- 3 |  4- 6 |  7- 9 | 10-12 || total
-------------------------+-------+-------+-------+-------++-------
Melee: Dagger            |   128 |   106 |   202 |   165 ||   601
 Cast: Confuse           |       |     4 |    24 |    17 ||    45
       Ensorcelled Hiber |       |     7 |    42 |    76 ||   125
       Blink             |       |       |     1 |       ||     1
       Dazzling Spray    |       |       |       |    17 ||    17
  Use: Scroll            |     5 |     4 |     8 |     4 ||    21
       Potion            |       |       |     1 |       ||     1
 Stab: Sleeping          |    15 |    29 |    36 |    54 ||   134
       Confused          |       |     2 |    11 |    12 ||    25
       Distracted        |       |     1 |     3 |     1 ||     5
       Invisible         |       |       |       |     2 ||     2
  Eat: Pizza             |       |     1 |       |       ||     1
       Fruit             |       |       |     3 |       ||     3
       Bread ration      |       |       |     1 |       ||     1
